[ AOE2 MATCH · #505478649 ]
UnrankedSpanish vs Italians
Player's team · LOSS
Rival team · WIN
[ REPLAY ANALYSIS · EXTRACTED FROM THE RECORDED GAME ]
Feudal
10:34
Castle
—
Imperial
—
| APM avg | 86.8 |
| APM peak | 127 |
| eAPM avg | 28.6 |
| Villagers / military | 19 / 0 |
Focus
⚔️ 22.0% · 🌾 78.0%
Feudal
8:03
Castle
—
Imperial
—
| APM avg | 53.1 |
| APM peak | 79 |
| eAPM avg | 24.2 |
| Villagers / military | 24 / 4 |
Focus
⚔️ 28.0% · 🌾 72.0%
Scout Cavalry ×4
Match map
Initial resources + every placement click. Lines = walls · curves = elevation contours. ◆ gold · ⬟ stone · ● berries · ✦ relic · ◌ wall gap
Your base
OS+ | Emil :D's base
Smoothed initial terrain · ◌ = detected wall gap · hover for details
Inputs per minute
— Itz_Zenta - - OS+ | Emil :D
Build order — Itz_Zenta
47 actions detected in the replay
| 0:19 | Build | Town Center |
| 1:28 | Build | Palisade Gate |
| 1:32 | Build | Palisade Gate |
| 1:43 | Create | Villager (Male) |
| 1:45 | Build | House |
| 1:47 | Research | Loom |
| 2:01 | Create | Villager (Male) |
| 2:01 | Create | Villager (Male) |
| 2:08 | Build | House |
| 2:31 | Build | House |
| 2:40 | Create | Villager (Male) |
| 3:00 | Create | Villager (Male) |
| 3:22 | Create | Villager (Male) |
| 3:40 | Build | Lumber Camp |
| 3:47 | Create | Villager (Male) |
| 4:12 | Create | Villager (Male) |
| 4:27 | Create | Villager (Male) |
| 4:38 | Create | Villager (Male) |
| 4:40 | Build | House |
| 4:50 | Build | Palisade Gate |
| 4:50 | Create | Villager (Male) |
| 5:09 | Build | House |
| 5:09 | Create | Villager (Male) |
| 5:27 | Create | Villager (Male) |
| 5:39 | Create | Villager (Male) |
| 5:41 | Build | Palisade Wall |
| 5:44 | Build | Palisade Wall |
| 5:47 | Build | Palisade Wall |
| 5:48 | Build | Palisade Wall |
| 6:08 | Build | Palisade Wall |
| 6:09 | Build | Palisade Wall |
| 6:10 | Create | Villager (Male) |
| 6:14 | Build | House |
| 6:19 | Build | Palisade Wall |
| 6:20 | Build | Palisade Wall |
| 6:47 | Build | Mill |
| 6:57 | Create | Villager (Male) |
| 7:45 | Create | Villager (Male) |
| 8:24 | Research | Feudal Age |
| 9:20 | Build | House |
| 9:29 | Create | Villager (Male) |
| 10:34 | Age | Feudal Age |
| 11:10 | Create | Villager (Male) |
| 11:12 | Build | Market |
| 11:13 | Build | Blacksmith |
| 11:28 | Build | Watch Tower |
| 11:39 | Build | Watch Tower |
Build order — OS+ | Emil :D
58 actions detected in the replay
| 0:13 | Build | Town Center |
| 0:21 | Build | House |
| 0:25 | Build | Palisade Wall |
| 0:26 | Build | Palisade Wall |
| 0:28 | Build | Palisade Wall |
| 0:34 | Build | Palisade Wall |
| 0:37 | Build | Palisade Wall |
| 0:54 | Build | House |
| 1:34 | Build | Palisade Wall |
| 1:37 | Build | Palisade Wall |
| 1:42 | Create | Villager (Male) |
| 2:07 | Create | Villager (Male) |
| 2:07 | Create | Villager (Male) |
| 2:10 | Create | Villager (Male) |
| 2:34 | Build | House |
| 2:36 | Build | Mill |
| 2:53 | Create | Villager (Male) |
| 3:26 | Create | Villager (Male) |
| 3:27 | Create | Villager (Male) |
| 3:28 | Create | Villager (Male) |
| 3:57 | Create | Villager (Male) |
| 4:10 | Create | Villager (Male) |
| 4:19 | Create | Villager (Male) |
| 4:29 | Build | House |
| 4:35 | Build | House |
| 4:38 | Create | Villager (Male) |
| 4:46 | Build | Lumber Camp |
| 5:09 | Create | Villager (Male) |
| 5:36 | Build | Outpost |
| 5:53 | Research | Feudal Age |
| 7:07 | Build | Barracks |
| 7:31 | Create | Villager (Male) |
| 7:32 | Create | Villager (Male) |
| 7:51 | Build | House |
| 8:03 | Age | Feudal Age |
| 8:04 | Build | Stable |
| 8:30 | Research | Double-Bit Axe |
| 8:32 | Create | Villager (Male) |
| 8:42 | Build | Mining Camp |
| 8:42 | Create | Scout Cavalry |
| 8:42 | Create | Scout Cavalry |
| 8:46 | Create | Villager (Male) |
| 9:01 | Research | Loom |
| 9:03 | Build | House |
| 9:04 | Create | Scout Cavalry |
| 9:18 | Create | Scout Cavalry |
| 9:32 | Create | Villager (Male) |
| 9:45 | Build | Market |
| 9:53 | Build | Watch Tower |
| 9:56 | Create | Villager (Male) |
| 10:26 | Create | Villager (Male) |
| 10:47 | Build | Palisade Wall |
| 10:48 | Build | Palisade Wall |
| 10:52 | Create | Villager (Male) |
| 10:59 | Create | Villager (Male) |
| 11:28 | Build | Palisade Wall |
| 11:31 | Create | Villager (Male) |
| 11:42 | Create | Villager (Male) |
Match timeline
| 0:25 | OS+ | Emil :D · wall_segment Palisade Wall x1 |
| 0:26 | OS+ | Emil :D · wall_segment Palisade Wall x1 |
| 0:28 | OS+ | Emil :D · wall_segment Palisade Wall x1 |
| 0:34 | OS+ | Emil :D · wall_segment Palisade Wall x1 |
| 0:37 | OS+ | Emil :D · wall_segment Palisade Wall x1 |
| 1:34 | OS+ | Emil :D · wall_segment Palisade Wall x1 |
| 1:37 | OS+ | Emil :D · wall_segment Palisade Wall x1 |
| 5:41 | Itz_Zenta · wall_segment Palisade Wall x1 |
| 5:44 | Itz_Zenta · wall_segment Palisade Wall x1 |
| 5:47 | Itz_Zenta · wall_segment Palisade Wall x1 |
| 5:48 | Itz_Zenta · wall_segment Palisade Wall x1 |
| 6:08 | Itz_Zenta · wall_segment Palisade Wall x1 |
| 6:09 | Itz_Zenta · wall_segment Palisade Wall x1 |
| 6:19 | Itz_Zenta · wall_segment Palisade Wall x1 |
| 6:20 | Itz_Zenta · wall_segment Palisade Wall x1 |
| 7:07 | OS+ | Emil :D · first_building Barracks |
| 8:03 | OS+ | Emil :D · age_up feudal |
| 8:04 | OS+ | Emil :D · first_building Stable |
| 10:34 | Itz_Zenta · age_up feudal |
| 10:47 | OS+ | Emil :D · wall_segment Palisade Wall x1 |
| 10:48 | OS+ | Emil :D · wall_segment Palisade Wall x1 |
| 11:28 | OS+ | Emil :D · wall_segment Palisade Wall x1 |
| 11:43 | Itz_Zenta · resign |
[ AI ANALYSIS · 1 CREDIT ]
What really happened in this match?
Wolo.gg analyzes every decision: build order, eco, micro, common mistakes by bracket. Personalized analysis on WhatsApp or Discord in 30 seconds.
Civ guide
Spanish
Perfil
Jugador #24335740